 Dungeon Crawl Stone Soup version 0.29-a0-389-gd8082fcd2d (webtiles) character file.

Game seed: 4808041432156408193

68 Gargoyl the Skirmisher (level 4, -1/43 HPs)
             Began as a Gargoyle Berserker on May 8, 2022.
             Was a Believer of Trog.
             Slain by Blork the orc
             ... wielding a +0 battleaxe
              (5 damage)
             ... on level 4 of the Dungeon.
             The game lasted 00:01:50 (1495 turns).

Gargoyl the Skirmisher (Gargoyle Berserker)         Turns: 1495, Time: 00:01:51

Health: -1/43      AC: 12    Str: 21    XL:     4   Next: 19%
Magic:  13/13      EV:  8    Int:  7    God:    Trog [**....]
Gold:   58         SH:  0    Dex: 11    Spells: 3/3 levels left

rFire   . . .      SeeInvis .   a - +0 hand axe
rCold   . . .      Faith    .   (no shield)
rNeg    + . .      Spirit   .   j - +0 chain mail
rPois   ∞          Reflect  .   (no helmet)
rElec   +          Harm     .   (no cloak)
rCorr   .          Rampage  .   (no gloves)
Will    .....                   (no boots)
Stlth   ..........              (no amulet)
HPRegen 0.14/turn               c - ring of magical power
MPRegen 0.13/turn               (no ring)

@: berserking, very quick
A: sickness immunity, AC +3, negative energy resistance 1, electricity
resistance, torment resistance 1, petrification resistance
a: Renounce Religion, Berserk, Trog's Hand


You were on level 4 of the Dungeon.
You worshipped Trog.
Trog was pleased with you.
You visited 1 branch of the dungeon, and saw 3 of its levels.

You collected 58 gold pieces.

Inventory:

Hand Weapons
 a - a +0 hand axe (weapon)
Missiles
 i - 4 poisoned darts (quivered)
Armour
 j - a +0 chain mail (worn)
Jewellery
 c - a ring of magical power (left hand)
Scrolls
 b - a scroll of teleportation {unknown}
 d - 2 scrolls of identify {unknown}
 e - a scroll of magic mapping {unknown}
Potions
 f - a potion of flight {unknown}
 g - a potion of degeneration {unknown}
 h - a potion of lignification {unknown}


   Skills:
 + Level 3.9 Fighting
 + Level 3.6 Axes
 + Level 2.4 Armour
 + Level 2.0 Dodging
 + Level 0.6 Stealth


You had 3 spell levels left.
You didn't know any spells.
Your spell library was empty.

Dungeon Overview and Level Annotations

Branches:
Dungeon (2/15)

Altars:

Annotations:
D:4 Blork the orc


Innate Abilities, Weirdness & Mutations

You are immune to sickness and miasma.
Your stone body is resilient. (AC +3)
You are immune to poison.
You resist negative energy. (rN+)
You are resistant to electric shocks. (rElec)
You are resistant to unholy torment.
You are immune to petrification.


Message History

You kill the giant cockroach!
Trog accepts your kill.
You barely miss Blork the orc. You closely miss the quokka.
Blork the orc hits you with a +0 battleaxe!
The ball python barely misses you. The ball python constricts you.
The quokka bites you. Blork the orc barely misses you.
The ball python barely misses you. The ball python constricts you.
A red film seems to cover your vision as you go berserk!
You feel yourself moving faster!
You feel mighty!
The quokka bites you but does no damage.
Blork the orc hits you but does no damage.
The ball python bites you but does no damage.
The ball python constricts you.
You barely miss Blork the orc. You barely miss the ball python.
You barely miss the quokka. The quokka bites you.
Blork the orc hits you with a +0 battleaxe.
* * * LOW HITPOINT WARNING * * *
The ball python bites you but does no damage.
The ball python constricts you.
Unknown command.
You closely miss Blork the orc. You barely miss the quokka.
You hit the ball python.
You kill the ball python!
Trog accepts your kill.
Blork the orc hits you but does no damage.
The quokka bites you but does no damage.
Unknown command.
You slash Blork the orc!
Blork the orc is moderately wounded.
You slash the quokka!
You kill the quokka!
Trog accepts your kill.
You can now call upon Trog for regeneration and willpower.
Blork the orc gestures at you while chanting.
The puff of flame hits you!
* * * LOW HITPOINT WARNING * * *
You hit Blork the orc.
Blork the orc is heavily wounded.
Blork the orc hits you with a +0 battleaxe.
You die...

#######.####.#.#....
#.####.#.# .##
#...##.... .. .
###.####.## #
#.##### #.# .#
....... #.# #
#.....##.# #..†o..#
....#†@..# .
#......# #........#
..........#
#........##
.........#
....)..### .###...


You could see Blork the orc (fast).

Vanquished Creatures
  A hound (D:4)
  An adder skeleton (D:2)
  A dart slug (D:1)
  2 bats (D:1)
  A bat skeleton (D:2)
  An endoplasm (D:1)
  3 giant cockroaches
  4 goblins (D:1)
  2 hobgoblins (D:1)
  2 quokkas
  5 ball pythons
  3 frilled lizards (D:1)
  5 kobolds (D:1)
  3 rats (D:1)
34 creatures vanquished.

Vanquished Creatures (others)
  3 plants (D:1)
3 creatures vanquished.

Grand Total: 37 creatures vanquished

Notes
Turn   | Place    | Note
-------+----------+-------------------------------------------
     0 | D:1      | Gargoyl the Gargoyle Berserker began the quest for the Orb.
     0 | D:1      | Reached XP level 1. HP: 14/14 MP: 1/1
   234 | D:1      | Reached XP level 2. HP: 18/19 MP: 2/2
   756 | D:1      | Reached XP level 3. HP: 24/24 MP: 3/3
   815 | D:1      | Found a faded altar of an unknown god.
  1456 | D:2      | You fall into a shaft and drop 2 floors!
  1472 | D:4      | Reached XP level 4. HP: 29/29 MP: 4/4
  1485 | D:4      | Noticed Blork the orc
  1494 | D:4      | Reached ** piety under Trog
  1495 | D:4      | Slain by Blork the orc

Illustrated notes

Levels and vault maps discovered:
D:1:      denvon_arrival_planthouse, layout_basic,
          hellmonk_ecumenical_altar_inner_sanctum, minmay_tromino_i2
D:2:      layout_loops_corners, serial_undead, serial_undead_a, serial_undead_c,
          serial_undead_c, serial_undead_e, kennysheep_generic_room_7
D:4:      layout_basic, minmay_temple_entry_sparse_star, uniq_blork_the_orc

Skill      XL: |  1  2  3 |
---------------+----------+-----
Axes           | 3 |  3.6
Dodging        | 2 |  2.0
Fighting       | |  3.9
Armour         | |  2.4
Stealth        | |  0.6

Action                   |  1- 3 |  4- 6 || total
-------------------------+-------+-------++-------
Melee: Hand axe          |    88 |     7 ||    95
       Punch             |     1 |       ||     1
Invok: Berserk           |     1 |     1 ||     2
 Stab: Sleeping          |     1 |       ||     1
Armor: Animal skin       |    37 |       ||    37
       Chain mail        |     3 |    11 ||    14
Dodge: Dodged            |    81 |     6 ||    87

Table legend: (Time is in decaauts)
 A = Elapsed time spent in this place.
 B = Non-inter-level travel time spent in this place.
 C = Inter-level travel time spent in this place.
 D = Time resting spent in this place.
 E = Time spent auto-exploring this place.
 F = Levels seen in this place.
 G = Mean time per level.
                   A        B        C        D        E       F      G
               +--------+--------+--------+--------+--------+-----+--------+
         Total |   1517 |   1497 |     20 |      0 |   1214 |   3 |  505.7 |
       Dungeon |   1517 |   1497 |     20 |      0 |   1214 |   3 |  505.7 |
               +--------+--------+--------+--------+--------+-----+--------+

Top non-repeatable levels by time:
     D:1: 1246 daAuts
     D:2: 232 daAuts
     D:4: 38 daAuts
